 Dungeon Crawl Stone Soup version 0.30-a0-696-g2367cd04db (webtiles) character file.

Game seed: 9218820990115191617

5401 Leeroy the Nimble (level 10, -2/53 HPs)
             Began as a Tengu Warper on Jan 20, 2023.
             Was a Follower of Uskayaw.
             Slain by a yak (16 damage)
             ... led by a torpor snail
             ... on level 8 of the Dungeon.
             The game lasted 00:20:20 (11117 turns).

Leeroy the Nimble (Tengu Warper)                   Turns: 11117, Time: 00:20:20

Health: -2/53      AC:  4    Str: 11    XL:     10   Next: 67%
Magic:  17/17      EV: 22    Int: 14    God:    Uskayaw [*.....]
Gold:   379        SH:  0    Dex: 18    Spells: 3/17 levels left

rFire   . . .      SeeInvis .    g - +2 dagger (venom)
rCold   + . .      Faith    .    (no shield)
rNeg    . . .      Spirit   .    b - +0 leather armour
rPois   .          Reflect  .    (helmet restricted)
rElec   .          Harm     .    h - scarf {repulsion}
rCorr   .          Rampage  .    F - +0 pair of gloves
Will    .....                    (boots unavailable)
Stlth   +                        (no amulet)
HPRegen 0.28/turn                I - ring of protection from cold
MPRegen 0.15/turn                (no ring)

@: flying quickly and evasively, slowed, repel missiles, very slow
A: beak, talons 3, nimble flight
a: Renounce Religion, Stomp


You were on level 8 of the Dungeon.
You worshipped Uskayaw.
Uskayaw was noncommittal.
You visited 3 branches of the dungeon, and saw 11 of its levels.

You collected 379 gold pieces.

Inventory:

Hand Weapons
 a - a +0 falchion
 g - a +2 dagger of venom (weapon)
 o - a +2 dagger of venom
 C - a +2 vampiric dagger
 M - a +2 battleaxe
 N - a +4 falchion
 O - a +5 flail
 P - a +0 long sword
 Q - a +2 short sword of freezing
 V - a +3 trident of venom
Missiles
 d - 8 boomerangs of dispersal
 D - 4 atropa-tipped darts
 E - 11 poisoned darts (quivered)
 H - 8 boomerangs
 L - 5 curare-tipped darts
Armour
 b - a +0 leather armour (worn)
 h - a scarf of repulsion (worn)
 y - the +1 leather armour of the Arcane {+Inv rElec rCorr Int-4}
   (You found it on level 3 of the Dungeon)

   Int:       It affects your intelligence (-4).
   rElec:     It insulates you from electricity.
   +Inv:      It lets you turn invisible.
   rCorr:     It protects you from acid and corrosion.
 F - a +0 pair of gloves (worn)
 W - a +2 ring mail of positive energy
 X - the +6 leather armour of Ramaekoh {Int+5 Dex-5}
   (You found it on level 8 of the Dungeon)

   Int:       It affects your intelligence (+5).
   Dex:       It affects your dexterity (-5).
Magical Staves
 B - a staff of earth
 T - a staff of conjuration
Jewellery
 I - a ring of protection from cold (left hand)
Wands
 u - a wand of flame (24)
 v - a wand of paralysis (10)
 w - a wand of polymorph (11)
 G - a wand of mindburst (8)
 R - a wand of digging (5)
 U - a wand of iceblast (3)
Scrolls
 c - 2 scrolls of fear {unknown}
 f - 5 scrolls of identify {unknown}
 i - 2 scrolls of teleportation
 j - a scroll of acquirement {unknown}
 l - a scroll of immolation {unknown}
 m - 2 scrolls of noise {unknown}
 p - a scroll of magic mapping {unknown}
 x - 2 scrolls of fog {unknown}
 J - a scroll of poison {unknown}
 S - a scroll of vulnerability {unknown}
 Y - a scroll of blinking
Potions
 e - 2 potions of brilliance {unknown}
 k - a potion of haste
 n - 2 potions of might {unknown}
 q - 2 potions of mutation {unknown}
 r - 3 potions of curing
 s - 2 potions of attraction
 t - a potion of magic {unknown}
 z - 3 potions of ambrosia
 A - 3 potions of heal wounds {unknown}
 K - 3 potions of degeneration {unknown}


   Skills:
 - Level 2.0 Fighting
 + Level 10.3 Long Blades
 - Level 1.0 Throwing
 - Level 1.1 Armour
 - Level 12.1 Dodging
 - Level 4.1 Spellcasting
 - Level 2.4 Translocations
 - Level 6.0 Air Magic


You had 3 spell levels left.
You knew the following spells:

 Your Spells              Type           Power      Damage    Failure   Level
a - Blink                 Tloc           18%        N/A       14%         2
b - Vhi's Electric Charg  Tloc/Air       28%        N/A       14%         3
c - Mephitic Cloud        Conj/Pois/Air  8%         N/A       32%         3
d - Swiftness             Air            19%        N/A       6%          3
e - Kindle Blastsparks    Fire/Tloc/Air  20%        2d11      24%         3

Your spell library contained the following spells:

 Spells                   Type           Power      Damage    Failure   Level
 Lesser Beckoning         Tloc           18%        N/A       14%         2
 Magic Dart               Conj           8%         1d3       26%         1
 Necrotise                Necr           8%         1d4       26%         1
 Teleport Other           Tloc           9%         N/A       28%         3
 Call Imp                 Summ           2%         N/A       36%         2
 Ensorcelled Hibernation  Hex/Ice        4%         N/A       36%         2
 Passwall                 Tmut/Erth      1%         N/A       36%         2
 Ignite Poison            Fire/Tmut/Pois 2%         N/A       58%         3
 Inner Flame              Hex/Fire       2%         N/A       58%         3
 Ozocubu's Armour         Ice            2%         N/A       58%         3
 Vampiric Draining        Necr           2%         2d6       58%         3
 Manifold Assault         Tloc           9%         N/A       67%         4
 Flame Wave               Conj/Fire      2%         2d4       94%         4
 Petrify                  Tmut/Erth      2%         N/A       94%         4
 Sticky Flame             Conj/Fire      2%         2d3       94%         4
 Summon Ice Beast         Ice/Summ       2%         N/A       94%         4
 Freezing Cloud           Conj/Ice/Air   4%         6-21      97%         5
 Agony                    Necr           2%         N/A       100%        5
 Lee's Rapid Deconstruct  Erth           1%         3d4*      100%        5


Dungeon Overview and Level Annotations

Branches:
Dungeon (9/15)             Temple (1/1) D:6            Lair (1/5) D:8
    Orc: D:9-12

Altars:
Ashenzari
Cheibriados
Dithmenos
Elyvilon
Fedhas
Gozag
Hepliaklqana
Nemelex Xobeh
Okawaru
Qazlal
Ru
Sif Muna
Uskayaw
Wu Jian
Yredelemnul
Zin
The Shining One

Shops:
D:3 *   D:5 *

Annotations:
D:8 2 transporters, MirrMurr's ghost, novice SpHu


Innate Abilities, Weirdness & Mutations

You have a beak for a mouth.
You have claws for feet.
Your magical nature lets you fly swiftly and evasively.


Message History

You hit the yak.
The yak is poisoned.
You claw the yak.
The yak is lightly wounded.
The yak closely misses you.
You hit the yak.
The yak looks as sick as possible!
You claw the yak.
The yak is moderately wounded.
The yak gores you.
Uskayaw will force your foes to helplessly watch your dance.
Uskayaw prepares the audience for your solo!
The helpless yak fails to defend itself.
You impale the yak!!
The yak is almost dead.
The helpless yak fails to defend itself.
You impale the yak!!
You kill the yak!
Uskayaw will force your foes to share their pain.
No target in view!
No target in view!
No target in view!
No target in view!
You start resting.
HP restored.
You start waiting.
You fly downwards.
Welcome back to the Lair of Beasts!
The yak misses you. The komodo dragon bites you! The torpor snail misses you.
Being near the torpor snail leaves you feeling lethargic.
The yak closely misses you. The komodo dragon bites you.
There is a staircase back to the Dungeon here.
You hit the torpor snail but do no damage.
The torpor snail is poisoned.
You peck the torpor snail.
The torpor snail is lightly wounded.
The yak gores you! The komodo dragon barely misses you.
The torpor snail barely misses you. The yak barely misses you.
The komodo dragon bites you!
* * * LOW HITPOINT WARNING * * *
The torpor snail completely misses you.
You fly upwards.
Welcome back to the Dungeon!
Level annotation: 2 transporters, MirrMurr's ghost, novice SpHu
There is a staircase to the Lair, spattered with blood here.
The yak completely misses you. The yak gores you!
You die...

....##..............##.##..###...
....###......P.P.......##..#.....
....# #..........P...#.....#.#...
....# #...........P...###).#.#...
....####....................[....
......#....P...........##.#[#....
#..##.#..P..P..P...........(.....
#..##.)P...P....Y...P..###..#.#..
#..###...P.....l@.P....# #.>#.#..
...# ##........Pw......# ##.#.#..
.### #..............P.# #.......
.# #..P..........P..# #....... .#
##...............# #....... .#
#.P...P.P.....P.# #....... .#
##...........P#.# #....... .###
#........P.....###.......
...#######.P..................###


You could see a torpor snail (very poisoned), a komodo dragon and a yak.

Vanquished Creatures
  A hornet (D:8)
  9 yaks
  An acid dragon (D:6)
  3 water moccasins (D:8)
  3 orc warriors
  4 sky beasts
  2 black bears (D:8)
  2 wolves
  2 ogres
  3 centaurs
  A phantom (D:4)
  8 bullfrogs
  A gnoll sergeant (D:8)
  2 scorpions
  4 wights
  3 killer bees (D:7)
  A jelly (D:8)
  A crimson imp (D:6)
  A gnoll bouda (D:5)
  2 orc priests
  7 hounds
  6 iguanas
  6 orc wizards
  10 adders
  9 gnolls
  2 shadow imps
  2 white imps
  A worm (D:3)
  3 dart slugs
  33 orcs
  9 endoplasms
  5 hobgoblins
  4 jackals (D:1)
  8 kobolds
  4 quokkas
  9 ball pythons
  6 bats
  A frilled lizard (D:1)
  7 goblins
  4 rats
190 creatures vanquished.

Vanquished Creatures (others)
  36 fungi (D:8)
  47 plants (D:8)
83 creatures vanquished.

Grand Total: 273 creatures vanquished

Notes
Turn   | Place    | Note
-------+----------+-------------------------------------------
     0 | D:1      | Leeroy the Tengu Warper began the quest for the Orb.
     0 | D:1      | Reached XP level 1. HP: 12/12 MP: 4/4
   159 | D:1      | Reached XP level 2. HP: 17/17 MP: 6/6
   391 | D:1      | Got the Exposition on Frosty Terra Firma
   416 | D:1      | Learned a level 2 spell: Blink
   606 | D:1      | Reached XP level 3. HP: 18/21 MP: 7/7
  1103 | D:2      | Reached XP level 4. HP: 19/26 MP: 8/8
  1384 | D:3      | Reached skill level 5 in Long Blades
  1393 | D:3      | Learned a level 3 spell: Vhi's Electric Charge
  1647 | D:3      | Identified the +1 leather armour of the Arcane {+Inv rElec
                  | rCorr Int-4}
  1651 | D:3      | Found Odac's General Store.
  1742 | D:3      | Found a faded altar of an unknown god.
  1906 | D:3      | Gained mutation: Your magical nature lets you fly swiftly
                  | and evasively. [Tengu growth]
  1906 | D:3      | Reached XP level 5. HP: 30/30 MP: 10/10
  1918 | D:3      | Learned a level 3 spell: Mephitic Cloud
  2312 | D:4      | Noticed a phantom
  2515 | D:4      | Reached XP level 6. HP: 24/35 MP: 11/13
  3035 | D:5      | Entered Level 5 of the Dungeon
  3227 | D:5      | Reached skill level 3 in Dodging
  3443 | D:5      | Reached XP level 7. HP: 28/40 MP: 14/14
  3599 | D:5      | Found Ruggijox's General Store.
  3865 | D:5      | Reached skill level 4 in Dodging
  3865 | D:5      | Reached skill level 5 in Air Magic
  3959 | D:5      | Found a blossoming altar of Fedhas.
  4446 | D:5      | Reached skill level 5 in Dodging
  4848 | D:6      | Found a staircase to the Ecumenical Temple.
  4856 | Temple   | Entered the Ecumenical Temple
  4856 | Temple   | Noticed a blizzard demon
  4857 | Temple   | Noticed Varorphyt the pandemonium lord
  4857 | Temple   | Noticed a hellwing
  4857 | Temple   | Noticed Piycrezode the pandemonium lord
  4858 | Temple   | Noticed an orange demon
  4858 | Temple   | Noticed an orange demon
  4860 | Temple   | Noticed Fannext the pandemonium lord
  4860 | Temple   | Noticed an Executioner
  4882 | Temple   | Noticed a hellwing
  4893 | Temple   | Noticed a Hell Sentinel
  4902 | Temple   | Noticed an Ice Fiend
  4903 | Temple   | Noticed Foimiv the pandemonium lord
  4924 | Temple   | Became a worshipper of Uskayaw the Reveller
  5049 | Temple   | Noticed a tormentor
  5049 | Temple   | Noticed Ohyw the pandemonium lord
  5049 | Temple   | Noticed Yrema the pandemonium lord
  5049 | Temple   | Noticed a Tzitzimitl
  5050 | Temple   | Noticed a hellwing
  5097 | D:6      | Reached * piety under Uskayaw
  5098 | D:6      | Reached XP level 8. HP: 8/44 MP: 15/15
  5100 | D:6      | Reached ** piety under Uskayaw
  5258 | D:7      | Noticed a yak
  5259 | D:7      | Noticed a yak
  5277 | D:7      | Killed a yak
  5277 | D:7      | Reached *** piety under Uskayaw
  5278 | D:7      | Reached skill level 6 in Dodging
  5304 | D:7      | Noticed a yak
  5305 | D:7      | Noticed a yak
  5306 | D:7      | Noticed a yak
  5309 | D:7      | Killed a yak
  5310 | D:7      | Reached skill level 7 in Dodging
  5341 | D:6      | Reached skill level 8 in Dodging
  5707 | D:6      | Reached skill level 9 in Dodging
  5716 | D:6      | Reached XP level 9. HP: 41/48 MP: 16/16
  5724 | D:6      | Reached **** piety under Uskayaw
  5759 | D:6      | Reached ***** piety under Uskayaw
  6169 | D:5      | Learned a level 3 spell: Swiftness
  6452 | D:6      | Reached skill level 10 in Dodging
  7274 | D:6      | Reached skill level 11 in Dodging
  7832 | D:7      | Found an iron altar of Okawaru.
  7848 | D:7      | Reached skill level 12 in Dodging
  8746 | D:8      | Reached XP level 10. HP: 53/53 MP: 17/17
  9498 | D:8      | Found a staircase to the Lair.
  9562 | D:8      | Noticed MirrMurr's ghost (novice SpHu)
  9563 | D:8      | Found a transporter.
  9564 | D:8      | Identified the +4 great mace "Routh" {vamp, Fly rElec Will-
                  | Int+2}
  9567 | D:8      | Found a transporter.
  9746 | D:8      | Identified the +6 leather armour of Ramaekoh {Int+5 Dex-5}
 10357 | D:8      | Learned a level 3 spell: Kindle Blastsparks
 10860 | Lair:1   | Entered Level 1 of the Lair of Beasts
 10862 | Lair:1   | Noticed a torpor snail
 10975 | D:8      | Reached skill level 10 in Long Blades
 11117 | D:8      | Slain by a yak

Illustrated notes

Levels and vault maps discovered:
D:1:      ebering_trefoil_twist, layout_basic
D:2:      layout_rooms, minmay_tall_x
D:3:      minmay_spotlight, layout_loops_ring,
          hellmonk_ecumenical_altar_inner_sanctum, serial_shops, shop,
          amcnicky_mini_rare_corridor_liquid, mrwooster_statue_mirror,
          item_on_display_a
D:4:      layout_loops_ring, grunt_ministairs_4,
          hangedman_abyss_or_decor_passed, kennysheep_crisscross
D:5:      layout_basic, fedhas_bush_and_centaur_altar, serial_shops,
          nicolae_shop_statue_plus, chequers_serial_rivers_micro_d
D:6:      layout_cave_pools, minmay_temple_entry_large_hall,
          minmay_fire_ice_demons
D:7:      layout_layer_cave, okawaru_trees_2
D:8:      layout_basic, due_lair_maze_entry_diamond, gammafunk_ghost_smash
D:9:      layout_cross, lemuel_crystal_altar, serial_ice, serial_ice_j,
          serial_ice_o, serial_ice_c, serial_ice_h, serial_ice_b, serial_ice_n,
          serial_ice_m, serial_ice_a, serial_ice_g, serial_ice_f
Temple:   nicolae_temple_panitentiary
Lair:1:   layout_cave_pods, infiniplex_staircase_pool

Skill      XL: |  1  2  3  4  5  6  7  8  9 10 |
---------------+-------------------------------+-----
Long Blades    | 3 4 5 6 10 | 10.3
Spellcasting   | 4 |  4.1
Air Magic      | 4 6 |  6.0
Dodging        | 3 5 9 12 | 12.1
Fighting       | |  2.0
Throwing       | |  1.0
Armour         | |  1.1
Translocations | |  2.4

Action                   |  1- 3 |  4- 6 |  7- 9 | 10-12 || total
-------------------------+-------+-------+-------+-------++-------
Melee: Dagger            |    78 |   105 |   229 |   139 ||   551
       Peck              |    10 |    18 |    68 |    45 ||   141
       Kick              |    21 |    33 |   105 |    68 ||   227
       Falchion          |     1 |    11 |    70 |       ||    82
       Punch             |     1 |     2 |     5 |       ||     8
       Short sword       |       |       |       |    23 ||    23
Throw: Boomerang         |       |     1 |       |       ||     1
       Dart              |       |     2 |     8 |     2 ||    12
 Cast: Blink             |       |       |     3 |     2 ||     5
       Swiftness         |       |       |     1 |       ||     1
       Vhi's Electric Ch |       |       |       |     1 ||     1
Evoke: Wand              |       |     1 |    29 |       ||    30
  Use: Scroll            |       |     1 |     4 |     2 ||     7
       Potion            |       |       |     3 |     2 ||     5
 Stab: Sleeping          |       |     1 |     2 |       ||     3
       Distracted        |       |       |     1 |       ||     1
       Paralysed         |       |       |    17 |     8 ||    25
Armor: Leather armour    |    13 |    22 |    29 |    15 ||    79
Dodge: Dodged            |    34 |    73 |   265 |   211 ||   583
       Repelled          |       |       |     3 |     2 ||     5

Table legend: (Time is in decaauts)
 A = Elapsed time spent in this place.
 B = Non-inter-level travel time spent in this place.
 C = Inter-level travel time spent in this place.
 D = Time resting spent in this place.
 E = Time spent auto-exploring this place.
 F = Levels seen in this place.
 G = Mean time per level.
                   A        B        C        D        E       F      G
               +--------+--------+--------+--------+--------+-----+--------+
         Total |  10577 |  10190 |    387 |   2617 |   5583 |  11 |  961.5 |
       Dungeon |  10357 |   9986 |    371 |   2517 |   5547 |   9 | 1150.8 |
        Temple |    203 |    187 |     16 |    100 |     36 |   1 |  203.0 |
          Lair |     16 |     16 |      0 |      0 |      0 |   1 |   16.0 |
               +--------+--------+--------+--------+--------+-----+--------+

Top non-repeatable levels by time:
     D:8: 2311 daAuts
     D:5: 1958 daAuts
     D:6: 1621 daAuts
     D:7: 1172 daAuts
     D:4: 1061 daAuts
     D:3: 862 daAuts
     D:1: 792 daAuts
     D:2: 448 daAuts
  Temple: 203 daAuts
     D:9: 129 daAuts
  Lair:1: 16 daAuts
